[Event "Late-Titled-Tuesday-Blitz-June-04-2024"]
[Site "Chess.com"]
[Date "2024.06.04"]
[Round "9"]
[White "Stanbad1"]
[Black "dosto07"]
[Result "1-0"]
[WhiteElo "2665"]
[BlackElo "2505"]
[TimeControl "180+1"]
[EndTime "15:39:09 PDT"]
[Termination "Stanbad1 won by checkmate"]

1. d4 d5 2. Nc3 Nf6 3. Bf4 Bf5 4. e3 e6 5. Nf3 Bb4 6. Bd3 Ne4 7. O-O O-O 8. Bxe4 dxe4 9. Nd2 Bxc3 10. bxc3 Nc6 11.
Rb1 b6 12. f3 exf3 13. Qxf3 Qd7 14. e4 Bg6 15. Nc4 Nxd4 16. cxd4 Qxd4+ 17. Ne3 Bxe4 18. Qg3 f6 19. Rbd1 Qc5 20. Bxc7 Rfc8 21. Rd7 Bg6 22. Rfd1 a5 23. h4 Ra7 24. Rd8+ Rxd8 25.
Rxd8+ Kf7 26. Bd6 Qd4 27. Rf8# 1-0

[Event "Late-Titled-Tuesday-Blitz-June-04-2024"]
[Site "Chess.com"]
[Date "2024.06.04"]
[Round "9"]
[White "JSPrepz"]
[Black "manitodeplomo"]
[Result "1-0"]
[WhiteElo "2844"]
[BlackElo "2634"]
[TimeControl "180+1"]
[EndTime "15:39:30 PDT"]
[Termination "JSPrepz won by resignation"]

1. e4 c5 2. Nf3 e6 3. c3 d5 4. e5 Nc6 5. d4 Bd7 6. Be2 Nge7 7. Na3 a6 8. Nc2 c4 9. h4 b5 10. h5 h6 11. Bf4 a5 12. b3 Nc8 13. O-O Nb6 14.
Ne3 Ba3 15. Rb1 O-O 16. Ng4 Re8 17. Qd2 Bf8 18. Bxh6 gxh6 19. Nf6+ Kh8 20. Qc2 1-0

[Event "Late-Titled-Tuesday-Blitz-June-04-2024"]
[Site "Chess.com"]
[Date "2024.06.04"]
[Round "9"]
[White "Synctel"]
[Black "duone"]
[Result "0-1"]
[WhiteElo "2104"]
[BlackElo "2401"]
[TimeControl "180+1"]
[EndTime "15:39:32 PDT"]
[Termination "duone won by resignation"]

1. d4 Nf6 2. Nf3 e6 3. e3 c5 4. Bd3 b6 5. Nbd2 Bb7 6. b3 d5 7. Bb2 Nbd7 8. O-O Be7 9. Ne5 O-O 10. f4 Ne4 11. Qe2 f5 12. Rad1 Nxe5 13. dxe5 Qe8 14. Ba6 Bxa6 15. Qxa6 Qh5 16. c4 Qe2 17. Rfe1 Qf2+ 18. Kh1 Nxd2 0-1

[Event "Late-Titled-Tuesday-Blitz-June-04-2024"]
[Site "Chess.com"]
[Date "2024.06.04"]
[Round "9"]
[White "Heydarli77"]
[Black "Ramosha"]
[Result "0-1"]
[WhiteElo "2458"]
[BlackElo "2629"]
[TimeControl "180+1"]
[EndTime "15:39:33 PDT"]
[Termination "Ramosha won by resignation"]

1. d4 d5 2. c4 c6 3. cxd5 cxd5 4. Nc3 Nc6 5. Nf3 Nf6 6. Bf4 Bf5 7. e3 e6 8. Bd3 Bg6 9. O-O Bd6 10. Bg3 O-O 11. Rc1 Rc8 12. Na4 Bxg3 13. hxg3 Qd6 14. Bxg6 hxg6 15.
Nc5 b6 16. Nd3 Nd7 17. Qa4 a5 18. Rc3 Ne7 19. Rfc1 Rxc3 20. Rxc3 Rc8 21. Qc2 Rxc3 22.
Qxc3 Qc6 23. Nfe5 Qxc3 24. bxc3 Nxe5 25. Nxe5 f6 26. Nd7 Nc8 27. Kf1 Kf7 28. Ke2 Ke7 29.
Nb8 Kd6 30. Kd3 Kc7 31. Na6+ Kb7 32. Nb4 axb4 33. cxb4 b5 34. g4 Kc6 35. Kc3 Nd6 36.
Kd3 e5 37. f3 e4+ 38. Ke2 g5 39. Kd2 Nc4+ 40. Ke2 Kd6 41. Kf2 Na3 42. Ke2 Nc2 0-1

[Event "Late-Titled-Tuesday-Blitz-June-04-2024"]
[Site "Chess.com"]
[Date "2024.06.04"]
[Round "9"]
[White "rasmussvane"]
[Black "lamomiajunior"]
[Result "1-0"]
[WhiteElo "2922"]
[BlackElo "2725"]
[TimeControl "180+1"]
[EndTime "15:39:36 PDT"]
[Termination "rasmussvane won by resignation"]

1. Nf3 Nf6 2. g3 d5 3. Bg2 c6 4. O-O Bf5 5. c4 e6 6. Qb3 Qb6 7. d3 Bg4 8. cxd5 Bxf3 9. Bxf3 exd5 10. Qc2 Nbd7 11. e4 Be7 12. Nc3 d4 13. Nb1 O-O 14. Nd2 c5 15. Nc4 Qc7 16. Bf4 Qc8 17. e5 Ne8 18.
Qb3 Nc7 19. Bxb7 Qd8 20. Bxa8 Qxa8 21. Rae1 Ne6 22. Bc1 g5 23. Qd1 Nb6 24. f4 Nxc4 25. dxc4 gxf4 26. Bxf4 a5 27. Bh6 Rd8 28. Qg4+ Kh8 29.
Rxf7 1-0

[Event "Late-Titled-Tuesday-Blitz-June-04-2024"]
[Site "Chess.com"]
[Date "2024.06.04"]
[Round "9"]
[White "dolynachess"]
[Black "giovannibrandao7"]
[Result "1-0"]
[WhiteElo "2505"]
[BlackElo "2348"]
[TimeControl "180+1"]
[EndTime "15:39:39 PDT"]
[Termination "dolynachess won by resignation"]

1. d4 Nf6 2. c4 g6 3. Nc3 d5 4. cxd5 Nxd5 5. e4 Nxc3 6. bxc3 Bg7 7. Bc4 c5 8. Ne2 Nc6 9. Be3 cxd4 10. cxd4 Qa5+ 11. Kf1 O-O 12. h4 h5 13. f3 Bd7 14.
Kf2 Rac8 15. Rc1 Nb4 16. Qd2 Bb5 17. Bxb5 Qxb5 18. Rb1 a5 19. a3 Rc2 20. Qxc2 1-0

[Event "Late-Titled-Tuesday-Blitz-June-04-2024"]
[Site "Chess.com"]
[Date "2024.06.04"]
[Round "9"]
[White "hansen"]
[Black "xasid81"]
[Result "1-0"]
[WhiteElo "3025"]
[BlackElo "2631"]
[TimeControl "180+1"]
[EndTime "15:40:01 PDT"]
[Termination "hansen won by resignation"]

1. e4 a6 2. d4 e6 3. Bd3 d5 4. e5 c5 5. c3 Nc6 6. Nf3 f6 7. O-O fxe5 8. dxe5 Qc7 9. c4 Nge7 10. Nc3 d4 11. Ne4 Ng6 12. Re1 Ncxe5 13. Nxe5 Qxe5 14. Ng5 Qf6 15. Qh5 Kd8 16. Bxg6 Qxg6 17. Qxg6 hxg6 18. Nf7+ Ke7 19. Nxh8 Kf6 20. h4 1-0

[Event "Late-Titled-Tuesday-Blitz-June-04-2024"]
[Site "Chess.com"]
[Date "2024.06.04"]
[Round "9"]
[White "katharinareinecke"]
[Black "Kostukov_Alex"]
[Result "0-1"]
[WhiteElo "1993"]
[BlackElo "2304"]
[TimeControl "180+1"]
[EndTime "15:40:01 PDT"]
[Termination "Kostukov_Alex won by resignation"]

1. e4 c5 2. Nf3 g6 3. g3 Bg7 4. Bg2 Nc6 5. O-O e5 6. c4 Nge7 7. Nc3 O-O 8. d3 d6 9. Nh4 Nd4 10. f4 f5 11. exf5 Nexf5 12. Nxf5 Bxf5 13. Bxb7 Rb8 14. Bd5+ Kh8 15. Ne4 Bh3 16. Rf2 exf4 17. Bxf4 Be5 18. Qf1 Bxf1 0-1

[Event "Late-Titled-Tuesday-Blitz-June-04-2024"]
[Site "Chess.com"]
[Date "2024.06.04"]
[Round "9"]
[White "TigrVShlyape"]
[Black "Flawless_Fighter"]
[Result "1-0"]
[WhiteElo "2917"]
[BlackElo "2692"]
[TimeControl "180+1"]
[EndTime "15:40:30 PDT"]
[Termination "TigrVShlyape won by resignation"]

1. d4 Nf6 2. Bf4 d5 3. e3 c5 4. c3 Nc6 5. Nd2 Bf5 6. Qb3 Qd7 7. a4 e6 8. Ngf3 a6 9. Be2 h6 10. O-O Be7 11. h3 O-O 12. Qa2 Rfc8 13. Rfc1 Ne4 14.
Nxe4 Bxe4 15. Nd2 Bg6 16. a5 Bd6 17. Bxd6 Qxd6 18. Qa3 Nb8 19. c4 Nd7 20. cxd5 exd5 21. Nb3 Rc7 22. Nxc5 Nxc5 23. Rxc5 Rxc5 24. Qxc5 Qe6 25.
Rc1 Be4 26. Qc7 Qg6 27. Bf1 Re8 28. Qxb7 Re6 29. Rc8+ Kh7 30. Qb8 Qg5 31. Rh8+ Kg6 32. b4 Rc6 33. Rc8 Rf6 34. Qg3 Qxg3 35. fxg3 1-0

[Event "Late-Titled-Tuesday-Blitz-June-04-2024"]
[Site "Chess.com"]
[Date "2024.06.04"]
[Round "9"]
[White "YellowJacek"]
[Black "LUISMIGUELOV"]
[Result "1-0"]
[WhiteElo "2376"]
[BlackElo "2218"]
[TimeControl "180+1"]
[EndTime "15:40:39 PDT"]
[Termination "YellowJacek won by resignation"]

1. e4 d6 2. d4 g6 3. Nc3 c6 4. f4 b5 5. Nf3 b4 6. Na4 Nd7 7. c4 bxc3 8. Nxc3 Ngf6 9. e5 Nd5 10.
Nxd5 cxd5 11. Bd3 e6 12. O-O dxe5 13. fxe5 Bg7 14. Qe1 O-O 15. Be3 a5 16. Qg3 Ba6 17. Rad1 Bxd3 18. Rxd3 Qb6 19. b3 Qa6 20. Rd2 a4 21. bxa4 Qxa4 22. Qh4 Nb6 23. Bh6 Nc4 24. Re2 Ra7 25. Ng5 Bxe5 26. Bxf8 Bxd4+ 27. Qxd4 Kxf8 28. Qh8+ Ke7 29. Rxf7+ Kd6 30. Qb8+ Kc6 31. Rxe6+ Kc5 32. Qxa7+ Qxa7 33. Rxa7 1-0

[Event "Late-Titled-Tuesday-Blitz-June-04-2024"]
[Site "Chess.com"]
[Date "2024.06.04"]
[Round "9"]
[White "stollenmonster"]
[Black "Msb2"]
[Result "1/2-1/2"]
[WhiteElo "2888"]
[BlackElo "3037"]
[TimeControl "180+1"]
[EndTime "15:40:47 PDT"]
[Termination "Game drawn by repetition"]

1. e4 e6 2. Nc3 d5 3. g3 dxe4 4.
Nxe4 Bd7 5. Qe2 Bc6 6. Nf3 Nf6 7. Nxf6+ Qxf6 8. Bg2 Nd7 9. O-O Bd6 10. d4 h6 11. c4 O-O 12. Be3 b6 13. Rac1 Rab8 14. Rfd1 Rfd8 15. b3 Ba3 16. Rc2 Be4 17. Bf4 Bxc2 18.
Qxc2 Bd6 19. Bc1 Nf8 20. Bb2 Qg6 21. Qe2 c5 22. Nh4 Qg5 23. d5 Re8 24. Qd3 Rbd8 25. Be4 Be7 26. Nf3 Qh5 27. Ne5 Bf6 28. Bf3 Qf5 29.
Be4 Qh5 30. Bf3 Qf5 31. Be4 Qh5 1/2-1/2

[Event "Late-Titled-Tuesday-Blitz-June-04-2024"]
[Site "Chess.com"]
[Date "2024.06.04"]
[Round "9"]
[White "Jospem"]
[Black "BardArtem"]
[Result "1-0"]
[WhiteElo "3039"]
[BlackElo "2755"]
[TimeControl "180+1"]
[EndTime "15:40:51 PDT"]
[Termination "Jospem won by resignation"]

1. e4 e5 2. Nf3 Nc6 3. Nc3 Nf6 4.
g3 Bb4 5. d3 d5 6. exd5 Nxd5 7. Bd2 Bxc3 8. bxc3 Qf6 9. Bg2 e4 10.
dxe4 Nxc3 11. e5 Nxd1 12. exf6 Nb2 13. fxg7 Rg8 14. O-O Be6 15. Rfe1 O-O-O 16. Bc3 Na4 17. Bf6 Rd5 18. Ng5 Rf5 19. Nxh7 Nb6 20. Be4 Rxf6 21.
Nxf6 Rxg7 22. h4 Nd7 23. Nxd7 Kxd7 24. Rad1+ Ke7 25. Bxc6 bxc6 26. Rd4 Rg8 27. Ra4 Kf6 28. Rxa7 Kf5 29. Rxc7 Kg4 30. Rxe6 Kh3 31. Re1 f5 32.
Rf7 c5 33. Rxf5 c4 34. Rf3 c3 35. g4+ Kxh4 36. Kg2 Rxg4+ 37. Rg3 Rxg3+ 38. fxg3+ Kg4 39. Re3 1-0

[Event "Late-Titled-Tuesday-Blitz-June-04-2024"]
[Site "Chess.com"]
[Date "2024.06.04"]
[Round "9"]
[White "KVAIDAN"]
[Black "mortngabriel"]
[Result "0-1"]
[WhiteElo "2347"]
[BlackElo "2492"]
[TimeControl "180+1"]
[EndTime "15:40:57 PDT"]
[Termination "mortngabriel won by checkmate"]

1. f4 d5 2. Nf3 g6 3. e3 Bg7 4.
Be2 Nf6 5. O-O O-O 6. d3 b6 7. Kh1 Bb7 8. a4 c5 9. a5 Qc7 10. Ne5 Nfd7 11. Nxd7 Nxd7 12. a6 Bc6 13. Nd2 e6 14. e4 dxe4 15. dxe4 Rfd8 16. Qe1 b5 17. f5 exf5 18. exf5 Re8 19. fxg6 hxg6 20. Qf2 Ne5 21. Nf3 Ng4 22. Qh4 Rxe2 23. Qxg4 Rxc2 24. Bf4 Qd7 25. Qh4 Bxb2 26. Rad1 Qf5 27. Ne1 Qe4 28. Rd2 Rxd2 29. Nf3 Qe2 30. Qg3 Qxf1+ 31. Ng1 Rd1 32. Be3 Bd4 33. Bxd4 cxd4 34. Qxg6+ fxg6 35. h4 Qxg1# 0-1

[Event "Late-Titled-Tuesday-Blitz-June-04-2024"]
[Site "Chess.com"]
[Date "2024.06.04"]
[Round "9"]
[White "KChor05"]
[Black "EsmeraldasAnderson03"]
[Result "0-1"]
[WhiteElo "2618"]
[BlackElo "2476"]
[TimeControl "180+1"]
[EndTime "15:41:05 PDT"]
[Termination "EsmeraldasAnderson03 won by resignation"]

1. d4 d5 2. c4 dxc4 3. e3 Nf6 4. Bxc4 e6 5. Nf3 a6 6. O-O c5 7. Qe2 b5 8. Bb3 Bb7 9. Rd1 Nbd7 10. dxc5 Bxc5 11. Nc3 O-O 12. e4 Qc7 13. Bg5 Ng4 14. Bh4 Nge5 15. Bg3 Nxf3+ 16. Qxf3 Qc6 17. Rac1 Rac8 18.
h3 Nf6 19. Bc2 Rfd8 20. Bh4 Rxd1+ 21. Rxd1 Nd7 22. Qd3 Ne5 23. Qd8+ Rxd8 24. Rxd8+ Bf8 25. Be7 Ng6 0-1

[Event "Late-Titled-Tuesday-Blitz-June-04-2024"]
[Site "Chess.com"]
[Date "2024.06.04"]
[Round "9"]
[White "sammartin99"]
[Black "Onthequiet"]
[Result "1-0"]
[WhiteElo "2304"]
[BlackElo "2391"]
[TimeControl "180+1"]
[EndTime "15:41:06 PDT"]
[Termination "sammartin99 won by resignation"]

1. d4 b6 2. e4 Bb7 3. Bd3 g6 4. Nf3 Bg7 5. O-O e6 6. c4 d6 7. Nc3 Nd7 8. d5 e5 9. Be3 Bh6 10. Bxh6 Nxh6 11. Qd2 Ng8 12. b4 Kf8 13. Qe3 Kg7 14. Nd2 g5 15. Nb3 f6 16. c5 Nf8 17.
cxd6 cxd6 18. Rfc1 Nh6 19. Nb5 Ba6 20. Rc7+ Kg6 21.
Rac1 Bxb5 22. Bxb5 a6 23. Be2 b5 24. Qh3 1-0

[Event "Late-Titled-Tuesday-Blitz-June-04-2024"]
[Site "Chess.com"]
[Date "2024.06.04"]
[Round "9"]
[White "Seppppppy"]
[Black "andrejljepic"]
[Result "0-1"]
[WhiteElo "2213"]
[BlackElo "2432"]
[TimeControl "180+1"]
[EndTime "15:41:17 PDT"]
[Termination "andrejljepic won by resignation"]

1. d4 e6 2. c4 a6 3. e4 d5 4. Nc3 dxe4 5. Nxe4 Nd7 6. Nf3 Ngf6 7. Bd3 Nxe4 8. Bxe4 Nf6 9. Bc2 c5 10. O-O Be7 11.
Bg5 O-O 12. dxc5 Qxd1 13. Raxd1 Bxc5 14. Rfe1 b6 15. Bxf6 gxf6 16. Be4 Rb8 17. Nd2 f5 18. Bc2 Bb7 19. Nb3 Bb4 20. Re3 Rfd8 21. Rg3+ Kf8 22.
Rdd3 Be4 23. a3 Bxd3 24. Bxd3 Be7 25. h3 Bf6 26. Rf3 Bxb2 27. g4 fxg4 28. hxg4 Bxa3 29.
Bxh7 Kg7 30. Be4 Bc5 31. g5 a5 32. Kg2 a4 33. Nxc5 bxc5 34. Ra3 Rb4 35. Bc6 Rxc4 36. Bxa4 Ra8 37. g6 Raxa4 0-1

[Event "Late-Titled-Tuesday-Blitz-June-04-2024"]
[Site "Chess.com"]
[Date "2024.06.04"]
[Round "9"]
[White "nihalsarin"]
[Black "jinbojinbo"]
[Result "1-0"]
[WhiteElo "3214"]
[BlackElo "2696"]
[TimeControl "180+1"]
[EndTime "15:41:18 PDT"]
[Termination "nihalsarin won by resignation"]

1. c4 e5 2. g3 Nf6 3. Bg2 d5 4. cxd5 Nxd5 5. Nc3 Nb6 6. Nf3 Nc6 7. O-O Be7 8. a3 O-O 9. b4 Be6 10. Rb1 f6 11. b5 Nd4 12. e3 Nxf3+ 13. Bxf3 Rb8 14. d4 exd4 15. exd4 Nd5 16. Qb3 c6 17. Re1 Bf7 18. Nxd5 Bxd5 19. Bxd5+ cxd5 20. Bf4 Rc8 21. Qa4 Bd6 22.
Bxd6 Qxd6 23. Qxa7 Qd7 24. Qa5 Rc4 25. Qd2 h5 26. h4 Rfc8 27. Qe2 Qf5 28. Rbd1 Rc3 29. a4 R8c4 30. a5 Rb3 31. a6 bxa6 32. bxa6 Rc2 33. a7 Ra3 34. Qxc2 Qxc2 35. Ra1 Rxa7 36. Rxa7 Qd2 37. Ree7 Qxd4 38. Rxg7+ Kf8 39. Rgb7 Qd1+ 40. Kg2 1-0

[Event "Late-Titled-Tuesday-Blitz-June-04-2024"]
[Site "Chess.com"]
[Date "2024.06.04"]
[Round "9"]
[White "Rital44"]
[Black "Smoking_Crow"]
[Result "0-1"]
[WhiteElo "2687"]
[BlackElo "2571"]
[TimeControl "180+1"]
[EndTime "15:41:19 PDT"]
[Termination "Smoking_Crow won by resignation"]

1. d4 Nf6 2. Nc3 d5 3. Bf4 e6 4. Nb5 Na6 5. e3 c6 6. Nc3 c5 7. Nb5 Be7 8. c3 O-O 9. Be2 Bd7 10. a4 Bxb5 11. axb5 Nc7 12. h3 c4 13. Qa4 Bd6 14. b3 Bxf4 15. exf4 cxb3 16. Qxb3 Qd6 17. g3 a6 18. b6 Nb5 19. Bxb5 axb5 20. Rb1 Ne4 21. Ne2 Qxb6 22. f3 Nd6 23. O-O Qc6 24. Rfc1 Ra5 25. Rc2 Rfa8 26. Nc1 Nc4 27. Nd3 Na3 28. Nb4 Qc4 29.
Rcb2 Nxb1 30. Rxb1 Ra1 31. Kf2 Rxb1 32. Qxb1 Qxc3 33.
g4 Ra1 34. Nxd5 Qxd4+ 0-1

[Event "Late-Titled-Tuesday-Blitz-June-04-2024"]
[Site "Chess.com"]
[Date "2024.06.04"]
[Round "9"]
[White "cthake"]
[Black "FischerKasparow"]
[Result "0-1"]
[WhiteElo "1750"]
[BlackElo "2093"]
[TimeControl "180+1"]
[EndTime "15:41:22 PDT"]
[Termination "FischerKasparow won by resignation"]

1. e4 e6 2. b3 d5 3. exd5 exd5 4. Bb2 Nf6 5. Nf3 Be7 6. Be2 O-O 7. O-O c5 8. d3 Nc6 9. Nbd2 Bg4 10. h3 Bh5 11. Nh2 Bxe2 12. Qxe2 Re8 13. Qf3 Rc8 14. Ng4 Nxg4 15. Qxg4 Bf6 16. Bxf6 Qxf6 17. Nf3 Nb4 18. Rfc1 Rcd8 19. a3 Nc6 20. Re1 h6 21. Kf1 Ne5 22. Nxe5 Rxe5 23. Rxe5 Qxe5 24. Re1 Qc3 25. Qe2 b5 26.
Qe7 Rf8 27. Qxa7 Qxc2 28. a4 Qxd3+ 29. Kg1 Qxb3 30. Qxc5 bxa4 31. Re5 a3 32. Rxd5 a2 33. Qa5 Qb1+ 34. Kh2 a1=Q 0-1

[Event "Late-Titled-Tuesday-Blitz-June-04-2024"]
[Site "Chess.com"]
[Date "2024.06.04"]
[Round "9"]
[White "ImportedItalianMaple"]
[Black "FXDon77"]
[Result "0-1"]
[WhiteElo "2583"]
[BlackElo "2876"]
[TimeControl "180+1"]
[EndTime "15:41:23 PDT"]
[Termination "FXDon77 won by resignation"]

1. e4 c5 2. Nf3 Nc6 3. Bb5 e6 4.
Bxc6 bxc6 5. b3 Qc7 6. Bb2 Ne7 7. e5 Nf5 8. Qe2 d5 9. exd6 Bxd6 10. Na3 O-O 11.
Nc4 Ba6 12. d3 Bxc4 13. dxc4 e5 14. O-O-O Rae8 15. g4 Nd4 16. Nxd4 exd4 17. Qd3 f5 18. h3 Qf7 19. Kb1 fxg4 20. hxg4 g6 21. Rdf1 Qf3 22.
Rh3 Qxg4 23. Rfh1 Re7 24. Bc1 Rxf2 25. Rh4 Qe2 26. Rxh7 Rxh7 27. Qxg6+ Rg7 0-1

[Event "Late-Titled-Tuesday-Blitz-June-04-2024"]
[Site "Chess.com"]
[Date "2024.06.04"]
[Round "9"]
[White "Bryanl106"]
[Black "Bilan_Danila"]
[Result "1-0"]
[WhiteElo "2725"]
[BlackElo "2570"]
[TimeControl "180+1"]
[EndTime "15:41:25 PDT"]
[Termination "Bryanl106 won on time"]

1. e4 c6 2. Nf3 d5 3. Nc3 Nf6 4. e5 Ne4 5. Ne2 Bg4 6. d4 c5 7.
h3 Bh5 8. g4 Bg6 9. Nf4 e6 10.
Bd3 Nc6 11. c3 cxd4 12. cxd4 Qb6 13. O-O Be7 14. Be3 h5 15. Nxg6 fxg6 16. Nd2 O-O-O 17.
Nxe4 dxe4 18. Bxe4 Nxd4 19. Rc1+ Kb8 20. Rc4 Bc5 21. b4 Bxb4 22. Rxd4 Bc5 23. Rxd8+ Rxd8 24. Bxc5 1-0

[Event "Late-Titled-Tuesday-Blitz-June-04-2024"]
[Site "Chess.com"]
[Date "2024.06.04"]
[Round "9"]
[White "jbking07"]
[Black "osielchesslover2011"]
[Result "1-0"]
[WhiteElo "2339"]
[BlackElo "2218"]
[TimeControl "180+1"]
[EndTime "15:41:27 PDT"]
[Termination "jbking07 won by resignation"]

1. e4 e5 2. Nf3 Nc6 3. d4 exd4 4.
Nxd4 Bc5 5. Nb3 Bb6 6. Nc3 Nf6 7. Qe2 d6 8. Bg5 h6 9. Be3 Be6 10. f3 Ne5 11. O-O-O Bc4 12. Qe1 Bxf1 13. Rxf1 Nc4 14. Bxb6 axb6 15. Qe2 Na5 16. Nd4 O-O 17. g4 Re8 18. h4 Nc6 19. Nf5 Ne5 20. g5 hxg5 21. hxg5 Nh5 22. f4 g6 23. fxe5 Qxg5+ 24. Kb1 Rxe5 25. Rg1 Qf4 26. Rdf1 Kf8 27. Rxf4 Nxf4 28. Qh2 gxf5 1-0

[Event "Late-Titled-Tuesday-Blitz-June-04-2024"]
[Site "Chess.com"]
[Date "2024.06.04"]
[Round "9"]
[White "Kiborg95"]
[Black "SahaNeelash"]
[Result "1-0"]
[WhiteElo "2916"]
[BlackElo "2688"]
[TimeControl "180+1"]
[EndTime "15:41:28 PDT"]
[Termination "Kiborg95 won by resignation"]

1. e4 c6 2. d4 d5 3. e5 Bf5 4. h4 h5 5. c4 e6 6. Nc3 Ne7 7. Nge2 dxc4 8. Ng3 Bg6 9. Bxc4 Nd7 10. Bg5 Nb6 11.
Be2 Qd7 12. a4 Nf5 13. Nxf5 Bxf5 14. a5 Nd5 15. O-O Be7 16. Bxe7 Qxe7 17. Nxd5 cxd5 18. Qa4+ Kf8 19. g3 g5 20. hxg5 Qxg5 21. Qa3+ Kg7 22.
f4 Qg6 23. Kf2 Rac8 24. Rac1 Rxc1 25. Rxc1 h4 26. g4 h3 27. Rh1 Bxg4 28. Bxg4 Qxg4 29. Rg1 1-0

[Event "Late-Titled-Tuesday-Blitz-June-04-2024"]
[Site "Chess.com"]
[Date "2024.06.04"]
[Round "9"]
[White "teresin05"]
[Black "protectiago"]
[Result "1-0"]
[WhiteElo "2311"]
[BlackElo "2124"]
[TimeControl "180+1"]
[EndTime "15:41:33 PDT"]
[Termination "teresin05 won by checkmate"]

1. e4 c5 2. Nf3 Nc6 3. d4 cxd4 4. Nxd4 Nf6 5. Nc3 d6 6. f3 e6 7. Be3 Be7 8. Qd2 a6 9. O-O-O Nxd4 10. Bxd4 O-O 11. g4 b5 12. g5 Nd7 13. h4 b4 14. Ne2 Qa5 15. Kb1 e5 16. Be3 Nc5 17. h5 Be6 18. Nc1 Rfc8 19. g6 Na4 20. Nb3 Qc7 21.
h6 fxg6 22. hxg7 a5 23. Rc1 Rab8 24. Bb6 Nxb6 25. Qh6 a4 26. Qxh7+ Kf7 27. g8=Q+ Kf6 28. Qgxg6# 1-0

[Event "Late-Titled-Tuesday-Blitz-June-04-2024"]
[Site "Chess.com"]
[Date "2024.06.04"]
[Round "9"]
[White "jaskol95"]
[Black "pinelone"]
[Result "1-0"]
[WhiteElo "2567"]
[BlackElo "2410"]
[TimeControl "180+1"]
[EndTime "15:41:34 PDT"]
[Termination "jaskol95 won on time"]

1. e4 c6 2. d4 d5 3. e5 c5 4.
dxc5 e6 5. a3 Bxc5 6. b4 Be7 7.
Bb2 a5 8. b5 Nd7 9. c4 Nc5 10.
Nf3 Nh6 11. Nc3 dxc4 12. Qxd8+ Bxd8 13. Bxc4 Bd7 14. O-O Rc8 15. Rac1 Be7 16. Rfd1 O-O 17. Ne4 Bxb5 18. Bxb5 Nxe4 19. Rd7 Rxc1+ 20. Bxc1 Bc5 21. Bxh6 gxh6 22. Rxb7 Rd8 23. g3 Nxf2 24. Kg2 Ng4 25. a4 Ne3+ 26. Kh3 Kg7 27. g4 Nd5 28. g5 Nf4+ 29. Kg4 1-0

[Event "Late-Titled-Tuesday-Blitz-June-04-2024"]
[Site "Chess.com"]
[Date "2024.06.04"]
[Round "9"]
[White "Lennis93"]
[Black "Faqade"]
[Result "0-1"]
[WhiteElo "2724"]
[BlackElo "2621"]
[TimeControl "180+1"]
[EndTime "15:41:37 PDT"]
[Termination "Faqade won by resignation"]

1. d4 Nf6 2. Nf3 d5 3. c4 c6 4. Nc3 e6 5. e3 Nbd7 6. Bd3 dxc4 7. Bxc4 b5 8. Bd3 a6 9. e4 c5 10. e5 cxd4 11. Nxb5 axb5 12. exf6 gxf6 13. O-O Qb6 14. a4 b4 15. Bb5 Bc5 16. Nd2 Bb7 17. Nb3 Rd8 18. Bh6 Rg8 19. g3 Ke7 20. Rc1 Ne5 21. Nxc5 Nf3+ 22. Kh1 Ba8 23. Nd3 Rc8 24. Rxc8 Rxc8 25.
Nxb4 Qc5 26. Be2 Qh5 27. h4 Nxh4+ 28. Kg1 Nf3+ 29. Bxf3 Bxf3 30. Qxf3 Qxf3 31. a5 Rc5 32. Ra1 Rh5 0-1

[Event "Late-Titled-Tuesday-Blitz-June-04-2024"]
[Site "Chess.com"]
[Date "2024.06.04"]
[Round "9"]
[White "Mariia89"]
[Black "janhelmer03"]
[Result "1-0"]
[WhiteElo "2241"]
[BlackElo "2361"]
[TimeControl "180+1"]
[EndTime "15:41:39 PDT"]
[Termination "Mariia89 won on time"]

1. d4 d5 2. c4 e6 3. Nc3 Nf6 4. Nf3 c6 5. Bg5 h6 6. Bh4 Nbd7 7. e3 Be7 8. Bd3 O-O 9. O-O dxc4 10.
Bxc4 b5 11. Bd3 Bb7 12. Rc1 a6 13. Bb1 c5 14. Qc2 Bxf3 15. gxf3 cxd4 16. exd4 Rc8 17. Qd3 g6 18. Ne4 Rxc1 19. Rxc1 Nd5 20. Bg3 N7f6 21. a3 Nh5 22. Qd2 Kg7 23. Rc6 f5 24. Be5+ Kf7 25. Nc5 Bxc5 26. dxc5 f4 27. Bd6 Qg5+ 28. Kh1 Re8 29.
Rxa6 Qh4 30. Ra7+ Kg8 31. Qd3 Qg5 32. Qxg6+ Qxg6 33. Bxg6 1-0

[Event "Late-Titled-Tuesday-Blitz-June-04-2024"]
[Site "Chess.com"]
[Date "2024.06.04"]
[Round "9"]
[White "JoakimVonAnd"]
[Black "wonderfultime"]
[Result "1-0"]
[WhiteElo "2795"]
[BlackElo "3020"]
[TimeControl "180+1"]
[EndTime "15:41:43 PDT"]
[Termination "JoakimVonAnd won by resignation"]

1. d4 d5 2. c4 c6 3. cxd5 cxd5 4. Nf3 Nf6 5. Nc3 Nc6 6. Bf4 a6 7. e3 Bg4 8. Rc1 Rc8 9. h3 Bxf3 10. Qxf3 e6 11. Bd3 Bd6 12. O-O Bxf4 13. Qxf4 O-O 14.
Na4 Qa5 15. Nc5 Qb6 16. b3 Ne7 17. Rc2 Rc6 18. Rfc1 Rfc8 19. g4 Qc7 20. Qxc7 R8xc7 21. b4 g5 22. a4 Rd6 23. b5 axb5 24. Bxb5 Rc8 25. Nxb7 Rxc2 26. Rxc2 Rb6 27. Rc7 Kf8 28. Nc5 Ng6 29. Rb7 1-0

[Event "Late-Titled-Tuesday-Blitz-June-04-2024"]
[Site "Chess.com"]
[Date "2024.06.04"]
[Round "9"]
[White "ArtemDyachuk"]
[Black "Zhigalko_Sergei"]
[Result "0-1"]
[WhiteElo "2688"]
[BlackElo "2913"]
[TimeControl "180+1"]
[EndTime "15:41:50 PDT"]
[Termination "Zhigalko_Sergei won by checkmate"]

1. e4 c5 2. Nf3 Nc6 3. Bb5 Nf6 4. Nc3 Qc7 5. O-O Nd4 6. Re1 a6 7. Bf1 e5 8. a4 Be7 9. d3 h6 10. Nd2 O-O 11. a5 d6 12. Nc4 Be6 13. Nb6 Rae8 14. h3 Nc6 15. Ncd5 Bxd5 16. Nxd5 Nxd5 17. exd5 Nb4 18. Qg4 Nxc2 19. Bxh6 Bf6 20. h4 Qc8 21. Qg3 Qf5 22. Re4 Nxa1 23. Rg4 Qh7 24. Be3 Nc2 25.
Bd2 Nd4 26. h5 Kh8 27. h6 g6 28. Qf3 Nxf3+ 29. gxf3 Bd8 30. Bg5 Bxg5 31. Rxg5 Qxh6 32. Rh5 gxh5 33. f4 Rg8+ 34. Bg2 Qxf4 35. Kf1 Rxg2 36.
Ke1 Qxf2+ 37. Kd1 h4 38. Kc1 Qxb2+ 39. Kd1 Rg1# 0-1

[Event "Late-Titled-Tuesday-Blitz-June-04-2024"]
[Site "Chess.com"]
[Date "2024.06.04"]
[Round "9"]
[White "cassoulet"]
[Black "MatthewG-p4p"]
[Result "1-0"]
[WhiteElo "2776"]
[BlackElo "2883"]
[TimeControl "180+1"]
[EndTime "15:41:51 PDT"]
[Termination "cassoulet won by resignation"]

1. d4 Nf6 2. Bg5 Ne4 3. h4 c5 4.
Nd2 Qa5 5. c3 Nxd2 6. Qxd2 h6 7.
Bf4 d5 8. Nf3 e6 9. e3 Nc6 10.
Bd3 Bd7 11. Ne5 cxd4 12. Nxc6 bxc6 13. exd4 c5 14. Be5 f6 15. Bg6+ Kd8 16. Bg3 cxd4 17. Qxd4 e5 18. Qd2 Bd6 19. O-O Be6 20. Rfd1 Ke7 21.
Be4 Rad8 22. Bxd5 Bc5 23. c4 Qxd2 24. Rxd2 Bd4 25. Rxd4 exd4 26. Re1 Rhe8 27. Rxe6+ Kd7 28.
Ra6 Re1+ 29. Kh2 d3 30. Rxa7+ Ke8 31. Bf4 g5 32. hxg5 hxg5 33. Bd2 Re2 34. Bf7+ Kf8 35.
Bb4+ Kg7 36. Bh5+ Re7 37. Rxe7+ 1-0